cohdb
Replays
Latest Replays
All Replays
Popular Replays
Top Player Replays
Match Explorer
How It Works
Community
CoH3 Stats
Reddit
Sign in to upload your games and track your stats! →
Sign in with Steam
Match 36607147
Unlisted
Match 36607147
Overview
Messages
Build Orders
End
Selects Italian Combined Arms Battlegroup
Selects Bersaglieri Squad
Bersaglieri Squad
Panzerpioneer Squad
Bersaglieri Squad
Construct Light Support Kompanie
MG34 Team
Bersaglieri Squad
Fire Support Elements
2.5-tonne Medical Truck
Selects Bersaglieri Bolster
Pak 38 Mechanized Group
Selects Breda Model 30 Light Machine Guns
Construct Panzerarmee Kommand
Panzer III L Medium Tank
Panzer III L Medium Tank
Panzer III L Medium Tank
Selects Semovente da 75/18 Assault Gun
Panzer III L Medium Tank
Selects Strafing Run
Selects Artillery Cover
Strafing Run
Emergency Repair Kits
Panzer III L Medium Tank
UH|dun! ツ
UH|XTC
iceman
jfpp
ba hoodie
Warlock
0
0
Comments
sign in to comment!
No comments posted yet!